 Dungeon Crawl Stone Soup version 0.24-a0-201-gf205589 (webtiles) character file.

Game seed: 14236134764291521267

122 Borgoz the Cutter (level 5, -9/31 HPs)
             Began as a Kobold Gladiator on Mar 24, 2019.
             Killed by divine providence
             ... invoked by an orc priest
              (13 damage)
             ... on level 3 of the Dungeon.
             The game lasted 00:03:15 (2266 turns).

Borgoz the Cutter (Kobold Gladiator)                Turns: 2266, Time: 00:03:16

Health: -9/31      AC:  6    Str: 11    XL:     5   Next: 27%
Magic:  6/6        EV: 16    Int: 11    God:
Gold:   75         SH:  0    Dex: 16    Spells: 6/6 levels left

rFire    . . .     SeeInvis .   a - +0 rapier
rCold    . . .     Gourm    .   (shield restricted)
rNeg     . . .     Faith    .   b - +0 leather armour
rPois    .         Spirit   .   s - +2 helmet
rElec    .         Reflect  .   (no cloak)
rCorr    .         Harm     .   (no gloves)
MR       .....                  (no boots)
Stlth    ++........             (no amulet)
HPRegen  0.10/turn              (no ring)
MPRegen  0.10/turn              (no ring)

@: hasted, very quick
A: small, carnivore
a: no special abilities


You were on level 3 of the Dungeon.
You were completely stuffed.

You visited 1 branch of the dungeon, and saw 3 of its levels.

You collected 75 gold pieces.

Inventory:

Hand Weapons
 a - a +0 rapier (weapon)
Missiles
 q - 8 needles of paralysis
Armour
 b - a +0 leather armour (worn)
 c - a +0 helmet
 s - a +2 helmet (worn)
 v - a cursed +0 chain mail
Scrolls
 e - a scroll of enchant weapon {unknown}
 g - a scroll of random uselessness {unknown}
 i - a scroll of identify
 j - a scroll of teleportation {unknown}
 k - a scroll of amnesia {unknown}
 m - a scroll of remove curse {unknown}
 n - a scroll of enchant armour {unknown}
 p - a scroll of fog {unknown}
 r - 2 scrolls of immolation {unknown}
 w - a scroll of fear {unknown}
Potions
 l - a potion of lignification {unknown}
 t - a potion of cancellation {unknown}
Comestibles
 f - 5 rations
 o - 3 chunks of flesh


   Skills:
 + Level 2.7 Fighting
 * Level 5.3 Short Blades
 + Level 2.8 Throwing
 + Level 1.1 Armour
 + Level 4.1 Dodging
 + Level 1.7 Stealth
 + Level 1.0 Spellcasting


You had 6 spell levels left.
You didn't know any spells.
Your spell library was empty.

Dungeon Overview and Level Annotations

Branches:
Dungeon (3/15)

Altars:
Cheibriados


Innate Abilities, Weirdness & Mutations

You are small and have problems with some larger weapons.
You are carnivorous and can eat meat at any time.


Message History

The throwing net closely misses the orc priest.
The orc misses you.
The orc priest calls down the wrath of Beogh upon you.
Pain shoots through your body!
* * * LOW HITPOINT WARNING * * *
You are too injured to fight recklessly!
You are too injured to fight recklessly!
You are too injured to fight recklessly!
Okay, then.
It was a potion of haste.
You feel yourself speed up. The orc closely misses you.
The orc priest hits you but does no damage.
You completely miss the orc priest.
The orc hits you with a +1 hand axe of chopping.
* * * LOW HITPOINT WARNING * * *
x2 You barely miss the orc priest.
The orc priest completely misses you.
You closely miss the orc priest. The orc barely misses you.
The orc priest mumbles some strange prayers to Beogh against you.
Beogh smites you!
You die...

######## .......#
######.###########
####.............#
...#############.#
.#.# #.### .#.#
#...# .#.# #...#
.#.# #@..# .#.#
#oo.# .#.# #...#
.#.####### #...#
.......... ....#
##.###### .(...
........+ .....#
.#.###### ..(...#
<.......


You could see an orc priest and an orc.

Vanquished Creatures
  Terence (D:3)
  2 adders (D:2)
  2 oozes (D:1)
  5 worms (D:2)
  2 dart slugs
  A leopard gecko (D:1)
  An orc (D:3)
  5 bats
  3 giant cockroaches
  3 goblins
  5 hobgoblins
  4 jackals (D:2)
  4 kobolds
  A ball python (D:1)
  5 frilled lizards
  8 rats
52 creatures vanquished.

Notes
Turn   | Place    | Note
-------+----------+-------------------------------------------
     0 | D:1      | Borgoz the Kobold Gladiator began the quest for the Orb.
     0 | D:1      | Reached XP level 1. HP: 12/12 MP: 1/1
    87 | D:1      | Reached XP level 2. HP: 17/17 MP: 2/2
   329 | D:1      | Reached XP level 3. HP: 22/22 MP: 3/3
  1066 | D:2      | Reached skill level 1 in Stealth
  1365 | D:2      | Reached XP level 4. HP: 27/27 MP: 4/4
  1426 | D:2      | Reached skill level 5 in Short Blades
  1796 | D:2      | Found a snail-covered altar of Cheibriados.
  1801 | D:2      | Reached skill level 1 in Armour
  2058 | D:3      | Noticed Terence
  2087 | D:3      | Killed Terence
  2087 | D:3      | Reached skill level 1 in Spellcasting
  2087 | D:3      | Reached XP level 5. HP: 17/31 MP: 6/6
  2266 | D:3      | Killed from afar by an orc priest

Levels and vault maps discovered:
D:1:      lemuel_arrival_behind_the_door_small, layout_basic
D:2:      minmay_spotlight, layout_rooms, first_ration, cheibriados_altar_1
D:3:      layout_basic, uniq_jessica, uniq_terence, uniq_grinder

Skill      XL: |  1  2  3  4 |
---------------+-------------+-----
Stealth        | 1 |  1.7
Short Blades   | 5 |  5.3
Dodging        | 4 |  4.1
Armour         | 1 |  1.1
Spellcasting   | 1 |  1.0
Fighting       | |  2.7
Throwing       | |  2.8

Action                   |  1- 3 |  4- 6 || total
-------------------------+-------+-------++-------
Melee: Rapier            |   108 |    92 ||   200
Throw: Throwing net      |       |     3 ||     3
  Use: Potion            |     1 |     3 ||     4
       Scroll            |       |     2 ||     2
 Stab: Sleeping          |     4 |     2 ||     6
  Eat: Chunk             |    10 |     3 ||    13
Armor: Leather armour    |    25 |    12 ||    37
Dodge: Dodged            |    86 |    58 ||   144

Table legend:
 A = Non-vault XP
 B = Vault XP
 C = Vault XP percentage of total XP
 D = Non-vault monster count
 E = Vault monster count
 F = Vault count percentage of total count
                 A         B        C        D         E       F
            +---------+---------+-------+---------+---------+-------
      Total |     115 |      60 |  34.3 |      45 |       7 |  13.5
            +---------+---------+-------+---------+---------+-------
        D:1 |      41 |       0 |   0.0 |      18 |       0 |   0.0
        D:2 |      68 |      24 |  26.1 |      24 |       6 |  20.0
        D:3 |       6 |      36 |  85.7 |       3 |       1 |  25.0
            +---------+---------+-------+---------+---------+-------
